[Event "*** Titled Tuesday Blitz"]
[Site "Chess.com"]
[Date "2020.12.29"]
[Round "1"]
[White "szefru"]
[Black "Ajedrez_con_German"]
[Result "0-1"]
[WhiteElo "2214"]
[BlackElo "2540"]
[TimeControl "180+1"]
[EndTime "10:04:58 PST"]
[Termination "Ajedrez_con_German won by resignation"]

1. c4 c6 2. Nf3 d5 3. b3 Nf6 4. Bb2 Bf5 5. e3 e6 6. d4 Bb4+ 7. Bc3 Qa5 8. Bxb4 Qxb4+ 9. Qd2 a5 10. Nc3 Ne4 11. Nxe4 Bxe4 12. Qxb4 axb4 13. Nd2 Nd7 14. Nxe4 dxe4 15. g4 Ke7 16. Bg2 f5 17. gxf5 exf5 18.
Ke2 Ra3 19. Rhb1 Rha8 20. Rb2 Nf6 21. h3 b5 22. f3 bxc4 23. bxc4 b3 24. Rxb3 Rxb3 25.
axb3 Rxa1 0-1

[Event "*** Titled Tuesday Blitz"]
[Site "Chess.com"]
[Date "2020.12.29"]
[Round "1"]
[White "MaxLeto"]
[Black "12teen"]
[Result "0-1"]
[WhiteElo "2393"]
[BlackElo "2736"]
[TimeControl "180+1"]
[EndTime "10:04:59 PST"]
[Termination "12teen won on time"]

1. g4 e6 2. h4 d5 3. g5 h6 4. g6 fxg6 5. d4 Bd6 6. Nf3 Nc6 7. c4 Nf6 8. Nc3 O-O 9. Qd3 Qe8 10.
c5 e5 11. Qxg6 Qxg6 12. cxd6 Nxd4 13. Nxd4 exd4 14. Nb5 c5 15. Bf4 Bd7 16. Nc7 Rac8 17. O-O-O Ne4 18. Be5 Nxf2 19. h5 Qf5 20. Bh3 Nxh3 21.
Rhg1 Nxg1 22. Rxg1 Qxe5 23. Rxg7+ Qxg7 0-1

[Event "*** Titled Tuesday Blitz"]
[Site "Chess.com"]
[Date "2020.12.29"]
[Round "1"]
[White "KNCP_719"]
[Black "bylavochka"]
[Result "1-0"]
[WhiteElo "2514"]
[BlackElo "2145"]
[TimeControl "180+1"]
[EndTime "10:04:59 PST"]
[Termination "KNCP_719 won by resignation"]

1. e4 e5 2. Nf3 Nc6 3. Bb5 a6 4.
Ba4 Nf6 5. d3 b5 6. Bb3 Be7 7. a4 Rb8 8. c3 d6 9. O-O O-O 10.
axb5 axb5 11. Re1 Bg4 12. Nbd2 Nd7 13. Nf1 Nc5 14. Ba2 b4 15. Bd5 Qd7 16. Ng3 Be6 17. d4 exd4 18. cxd4 Nd8 19. dxc5 dxc5 20. Bxe6 Qxe6 21.
Nf5 Bf6 22. Ng5 Bxg5 23. Bxg5 Nc6 24. Qg4 Ne5 25. Qg3 f6 26. Bh6 g6 27. Bxf8 Kxf8 28.
Ne3 Nd3 29. Qxc7 Re8 30. Ra7 Re7 31. Qxe7+ Qxe7 32. Rxe7 1-0

[Event "*** Titled Tuesday Blitz"]
[Site "Chess.com"]
[Date "2020.12.29"]
[Round "1"]
[White "Pertinhez76"]
[Black "StellarChessPro"]
[Result "0-1"]
[WhiteElo "2096"]
[BlackElo "2502"]
[TimeControl "180+1"]
[EndTime "10:05:00 PST"]
[Termination "StellarChessPro won by resignation"]

1. d4 d5 2. Bf4 Nf6 3. e3 g6 4. Nc3 Bg7 5. Nf3 O-O 6. h4 a6 7. a4 c5 8. Be2 Nc6 9. Ne5 cxd4 10. exd4 Qb6 11. Nxc6 bxc6 12. Qd2 Ne4 13. Nxe4 dxe4 14.
c3 h5 15. O-O Rd8 16. Be3 Rb8 17. Rfb1 Qc7 18. Qc2 Bf5 19. g3 e5 20. dxe5 Bxe5 21. Bg5 f6 22. Bc4+ Kg7 23. Be3 Bxg3 24. Bxa6 Bxh4 25.
Rd1 Bg5 26. Bxg5 fxg5 27. Be2 e3 28. Qc1 exf2+ 29. Kxf2 Qh2+ 0-1

[Event "*** Titled Tuesday Blitz"]
[Site "Chess.com"]
[Date "2020.12.29"]
[Round "1"]
[White "ajdemipopushi"]
[Black "azikom"]
[Result "1/2-1/2"]
[WhiteElo "2342"]
[BlackElo "2629"]
[TimeControl "180+1"]
[EndTime "10:05:01 PST"]
[Termination "Game drawn by repetition"]

1. Nf3 d5 2. g3 c6 3. c4 Nf6 4.
Bg2 Bg4 5. Ne5 Bf5 6. cxd5 cxd5 7. Qa4+ Nbd7 8. Nc3 e6 9. g4 Bc2 10. Nxf7 Bxa4 11.
Nxd8 Rxd8 12. Nxa4 Nxg4 13. Bh3 Ndf6 14. f3 Ne5 15. Bxe6 Bd6 16. f4 Nc6 17. e3 Nb4 18. Ke2 d4 19. b3 b5 20. Nb2 Nc2 21. Rb1 Na3 22. Ra1 Nc2 23. Rb1 Na3 24. Ra1 Nc2 1/2-1/2

[Event "*** Titled Tuesday Blitz"]
[Site "Chess.com"]
[Date "2020.12.29"]
[Round "1"]
[White "BAS8892"]
[Black "Trickov"]
[Result "1-0"]
[WhiteElo "2634"]
[BlackElo "2325"]
[TimeControl "180+1"]
[EndTime "10:05:07 PST"]
[Termination "BAS8892 won by resignation"]

1. d4 d5 2. c4 c6 3. Nf3 Nf6 4.
Nc3 dxc4 5. a4 Bf5 6. Ne5 Nbd7 7. Nxc4 Qc7 8. g3 e5 9. dxe5 Nxe5 10. Bf4 Rd8 11. Qc1 Bd6 12. Nxd6+ Qxd6 13. Qe3 Ng4 14. Qxa7 Qb4 15. Bg2 Qxb2 16. Rc1 Ng6 17. O-O Nxf4 18.
gxf4 O-O 19. h3 Nf6 20. e4 Bc8 21. e5 Nh5 22. Qe3 Qd2 23. Ne4 Qxe3 24. fxe3 Rd3 25. Rfe1 Ra3 26. Ra1 Rxa1 27. Rxa1 f6 28. Bf3 fxe5 29.
Bxh5 exf4 30. exf4 Rxf4 31. Nd6 Bxh3 32. Nxb7 g6 33. Be2 Bc8 34. Nd6 Be6 35. a5 Rd4 36. a6 c5 37. a7 Bd5 38. Bc4 1-0

[Event "*** Titled Tuesday Blitz"]
[Site "Chess.com"]
[Date "2020.12.29"]
[Round "1"]
[White "Kaslask"]
[Black "Geller_Jakov"]
[Result "0-1"]
[WhiteElo "2293"]
[BlackElo "2593"]
[TimeControl "180+1"]
[EndTime "10:05:08 PST"]
[Termination "Geller_Jakov won by resignation"]

1. d4 d5 2. c4 e6 3. Nc3 c6 4.
Nf3 dxc4 5. e3 b5 6. a4 Bb4 7.
Bd2 a5 8. axb5 Bxc3 9. Bxc3 cxb5 10. b3 Bb7 11. bxc4 b4 12. Bb2 Nf6 13. Bd3 Nbd7 14. O-O O-O 15. Qc2 Qc7 16. Rfe1 Rfe8 17. c5 Bc6 18. Nd2 a4 19. e4 a3 20. Bc1 e5 21. Nb3 Ba4 22. Bg5 exd4 23. Bxf6 Nxf6 24.
Qc4 Ng4 25. e5 Nxe5 26. Nxd4 Nxc4 27. Nf5 Rxe1+ 28. Rxe1 g6 29. Nh6+ Kg7 30. Ng4 Qxc5 0-1

[Event "*** Titled Tuesday Blitz"]
[Site "Chess.com"]
[Date "2020.12.29"]
[Round "1"]
[White "noblerone"]
[Black "ShimanovAlex"]
[Result "0-1"]
[WhiteElo "2441"]
[BlackElo "2851"]
[TimeControl "180+1"]
[EndTime "10:05:10 PST"]
[Termination "ShimanovAlex won by resignation"]

1. d4 c6 2. Nf3 d5 3. Bg5 f6 4. Bh4 Nh6 5. c3 Nf5 6. Bg3 h5 7. Bf4 g5 8. Bc1 g4 9. Ng1 Bg7 10. e3 e5 11. Ne2 Be6 12. Ng3 Nxg3 13. hxg3 Nd7 14. Bd3 Bf7 15. Qb3 Qc7 16. Nd2 O-O-O 17. Bf5 Kb8 18. a4 c5 19. a5 a6 20. Qa4 Rhe8 21. Bxd7 Rxd7 22. dxc5 d4 23. Nc4 Bf8 24. O-O d3 25. Nb6 Rdd8 26. Bd2 Bxc5 27. b4 Bxb6 28.
axb6 Qxb6 29. b5 axb5 30. Qe4 Bc4 31. Ra3 Qe6 32. Rfa1 f5 33. Ra8+ Kc7 34. Qxb7+ Kxb7 35. R1a7+ Kc6 36. Ra6+ Kd5 37. Rxe6 Kxe6 0-1

[Event "*** Titled Tuesday Blitz"]
[Site "Chess.com"]
[Date "2020.12.29"]
[Round "1"]
[White "Twitch_ElhamBlitz05"]
[Black "PenguinPacks"]
[Result "1-0"]
[WhiteElo "2902"]
[BlackElo "2459"]
[TimeControl "180+1"]
[EndTime "10:05:11 PST"]
[Termination "Twitch_ElhamBlitz05 won by resignation"]

1. e4 c6 2. d4 d5 3. Nc3 dxe4 4. Nxe4 Bf5 5. Ng3 Bg6 6. h4 h6 7. Nf3 Nd7 8. h5 Bh7 9. Bd3 Bxd3 10. Qxd3 e6 11. Bd2 Ngf6 12. O-O-O Be7 13. Qe2 O-O 14.
Nf1 c5 15. g4 Nxg4 16. Rg1 f5 17.
Qxe6+ Kh8 18. Ne5 Ndxe5 19. dxe5 Bg5 20. Ne3 Nxf2 21. Nxf5 Rxf5 22. Bxg5 Rxg5 23. Rxd8+ Rxd8 24. Rf1 Ne4 25. Qe7 Rd2 26. b3 Rgg2 27. Qf8+ Kh7 28. Qf5+ Kh8 29. Qxe4 1-0

[Event "*** Titled Tuesday Blitz"]
[Site "Chess.com"]
[Date "2020.12.29"]
[Round "1"]
[White "pavel_skatchkov"]
[Black "Chamal_Gedgafov"]
[Result "1-0"]
[WhiteElo "2533"]
[BlackElo "2195"]
[TimeControl "180+1"]
[EndTime "10:05:12 PST"]
[Termination "pavel_skatchkov won by resignation"]

1. Nf3 Nf6 2. d4 g6 3. g3 Bg7 4.
Bg2 O-O 5. O-O d6 6. c4 Nc6 7.
Nc3 e5 8. e4 exd4 9. Nxd4 Nxe4 10. Nxe4 Nxd4 11. Bg5 f6 12. Qxd4 fxg5 13. Qd5+ Kh8 14.
Nxg5 Qf6 15. Rae1 Rb8 16. b3 c6 17. Qd2 Bf5 18. h4 Rbd8 19. Qe3 h6 20. Ne4 Qd4 21. Qxd4 Bxd4 22. Rd1 c5 23. Kh2 b6 24. f4 Rfe8 25.
Rfe1 Re7 26. Nd2 Rde8 27. Rxe7 Rxe7 28. Nf3 Re2 29. Nxd4 Be4 30. Nxe2 1-0

[Event "*** Titled Tuesday Blitz"]
[Site "Chess.com"]
[Date "2020.12.29"]
[Round "1"]
[White "Jumbo"]
[Black "Chessmatus"]
[Result "1-0"]
[WhiteElo "2841"]
[BlackElo "2438"]
[TimeControl "180+1"]
[EndTime "10:05:13 PST"]
[Termination "Jumbo won by resignation"]

1. d4 Nf6 2. c4 g6 3. Nc3 d5 4. h4 c5 5. cxd5 Nxd5 6. h5 Nxc3 7. bxc3 Bg7 8. e3 Nc6 9. Bc4 Bf5 10. Ne2 Rc8 11. Ng3 cxd4 12. h6 Bf6 13. Nxf5 gxf5 14. Qh5 Ne5 15. Bb5+ Kf8 16. exd4 Qa5 17.
Qxf5 Qxc3+ 18. Bd2 Qxa1+ 19. Ke2 1-0

[Event "*** Titled Tuesday Blitz"]
[Site "Chess.com"]
[Date "2020.12.29"]
[Round "1"]
[White "fm_magua"]
[Black "rachidhuilda"]
[Result "0-1"]
[WhiteElo "2525"]
[BlackElo "2234"]
[TimeControl "180+1"]
[EndTime "10:05:13 PST"]
[Termination "rachidhuilda won by resignation"]

1. e4 d5 2. exd5 Qxd5 3. Nc3 Qa5 4. Bc4 c6 5. Nf3 Nf6 6. d4 Bf5 7. Bd2 e6 8. Qe2 Bb4 9. Ne5 Nbd7 10. h3 Nxe5 11.
dxe5 Nd5 12. Nxd5 Bxd2+ 13. Qxd2 Qxd2+ 14. Kxd2 cxd5 15. Be2 O-O 16. c3 f6 17. f4 fxe5 18.
fxe5 Be4 19. Rhg1 Rf5 20. Bg4 Rxe5 21. Rae1 Re8 22. h4 h5 23. Bh3 g5 24. g3 Rf8 25.
Re2 Rf3 26. a4 g4 27. Bf1 Rff5 28. Bg2 Bxg2 29. Rgxg2 Rxe2+ 30. Rxe2 Kf7 31. c4 dxc4 32.
Kc3 Rf3+ 33. Kxc4 Rxg3 34. Re5 Rg2 35. b4 Rc2+ 36. Kb5 Rd2 37. Kc4 Rd5 38. Re3 Ke7 39.
b5 b6 40. Ra3 Rf5 41. a5 Rf3 42. Ra1 Rh3 43. axb6 axb6 44. Ra7+ Kf6 45. Rb7 Rxh4 46. Rxb6 g3+ 47. Kd3 Rg4 0-1

[Event "*** Titled Tuesday Blitz"]
[Site "Chess.com"]
[Date "2020.12.29"]
[Round "1"]
[White "IngOscarArdila"]
[Black "Sueetin"]
[Result "0-1"]
[WhiteElo "2112"]
[BlackElo "2508"]
[TimeControl "180+1"]
[EndTime "10:05:13 PST"]
[Termination "Sueetin won on time"]

1. d4 Nf6 2. c4 e6 3. Nc3 Bb4 4. Bd2 b6 5. Nf3 Bb7 6. e3 c5 7.
dxc5 Bxc5 8. Be2 O-O 9. O-O d5 10. cxd5 Nxd5 11. Qc2 Nb4 12. Qb1 Ba6 13. Bxa6 N8xa6 14. a3 Nd5 15. Rd1 Nxc3 16. Bxc3 Qc8 17. Qd3 Rd8 18.
Qb5 Rxd1+ 19. Rxd1 Bf8 20. Ne5 Nc7 21. Qc6 Nd5 22.
Qxa8 Qxa8 0-1

[Event "*** Titled Tuesday Blitz"]
[Site "Chess.com"]
[Date "2020.12.29"]
[Round "1"]
[White "Grandelicious"]
[Black "IljaJoke"]
[Result "1-0"]
[WhiteElo "2849"]
[BlackElo "2439"]
[TimeControl "180+1"]
[EndTime "10:05:16 PST"]
[Termination "Grandelicious won by resignation"]

1. Nf3 d5 2. g3 c6 3. Bg2 h5 4.
c4 dxc4 5. Qc2 Nd7 6. Na3 Nb6 7. Nxc4 Nxc4 8. Qxc4 Be6 9. Qc2 Nf6 10. b3 Bd5 11. Bb2 e6 12. O-O Be7 13. Rad1 h4 14.
Bxf6 hxg3 15. hxg3 Bxf6 16. e4 Kd7 17. exd5 cxd5 18.
Rc1 Rc8 19. Qd3 Qb6 20. Rfe1 Qd6 21. Qb5+ 1-0

[Event "*** Titled Tuesday Blitz"]
[Site "Chess.com"]
[Date "2020.12.29"]
[Round "1"]
[White "chessmachine14"]
[Black "vladjianu"]
[Result "0-1"]
[WhiteElo "2246"]
[BlackElo "2557"]
[TimeControl "180+1"]
[EndTime "10:05:16 PST"]
[Termination "vladjianu won by resignation"]

1. e4 d6 2. d4 Nf6 3. Nc3 g6 4. f4 Bg7 5. Nf3 O-O 6. Bd3 Nbd7 7. O-O e5 8. fxe5 dxe5 9. Bg5 exd4 10. Nxd4 h6 11. Bh4 c6 12. Qd2 Ne5 13. Nf3 Nxf3+ 14.
Rxf3 Nxe4 15. Nxe4 Qxh4 16. Raf1 Be6 17. Nf6+ Kh8 18.
Rh3 Bxh3 19. gxh3 Bxf6 20. Rf4 Qg5+ 21. Kh1 Be5 0-1

[Event "*** Titled Tuesday Blitz"]
[Site "Chess.com"]
[Date "2020.12.29"]
[Round "1"]
[White "carloseduar100"]
[Black "rubhani"]
[Result "1-0"]
[WhiteElo "2089"]
[BlackElo "2482"]
[TimeControl "180+1"]
[EndTime "10:05:20 PST"]
[Termination "carloseduar100 won by resignation"]

1. d4 b6 2. Nf3 Bb7 3. g3 g6 4.
Bg2 Bg7 5. O-O Nf6 6. c4 O-O 7. d5 e6 8. Nc3 exd5 9. cxd5 Re8 10. Bg5 h6 11. Bf4 d6 12. Rc1 Nbd7 13. b4 a6 14.
a4 Ne4 15. Nxe4 Rxe4 16. Qd2 a5 17. bxa5 Rxa5 18. Bxh6 Rxd5 19. Qg5 Rxg5 20. Bxg5 Bf6 21. Bxf6 Nxf6 22. Ng5 Re5 23. Nxf7 Bxg2 24. Nxd8 Bxf1 25. Kxf1 Nd5 26. Nc6 Re4 27. a5 bxa5 28. Nxa5 Kf7 29. Rc4 Re8 30. e4 Ra8 31. Nb3 Nf6 32. Rxc7+ Ke6 33.
f3 Ra3 34. Nd4+ Ke5 35. Nc6+ 1-0

[Event "*** Titled Tuesday Blitz"]
[Site "Chess.com"]
[Date "2020.12.29"]
[Round "1"]
[White "Anna_ChessMate"]
[Black "Homino"]
[Result "0-1"]
[WhiteElo "2546"]
[BlackElo "2283"]
[TimeControl "180+1"]
[EndTime "10:05:23 PST"]
[Termination "Homino won by resignation"]

1. d4 Nf6 2. c4 c5 3. Nf3 g6 4.
g3 Bg7 5. Bg2 O-O 6. O-O cxd4 7.
Nxd4 Nc6 8. Nc3 Nxd4 9. Qxd4 d6 10. Qd3 Bf5 11. e4 Be6 12. b3 Qa5 13. Bb2 Rfc8 14.
Rad1 a6 15. h3 b5 16. cxb5 axb5 17. Rfe1 Nd7 18. Rc1 Nc5 19. Qe3 b4 20. Nd1 Bxb2 21.
Nxb2 Qxa2 22. Nd3 Nxd3 23. Qxd3 Qxb3 24. Qxb3 Bxb3 25. Rb1 Rc3 26. e5 Rb8 27. exd6 exd6 28. Re7 Be6 29. g4 b3 30. f4 b2 31. Be4 d5 32. f5 0-1

[Event "*** Titled Tuesday Blitz"]
[Site "Chess.com"]
[Date "2020.12.29"]
[Round "1"]
[White "Das_Virus_2020"]
[Black "TheCairnTerrier"]
[Result "1-0"]
[WhiteElo "2502"]
[BlackElo "2092"]
[TimeControl "180+1"]
[EndTime "10:05:23 PST"]
[Termination "Das_Virus_2020 won on time"]

1. e4 c5 2. Nc3 a6 3. f4 b5 4.
Nf3 Bb7 5. d3 e6 6. Be2 d5 7. f5 b4 8. fxe6 fxe6 9. O-O bxc3 10.
Ng5 Qd7 11. bxc3 Bd6 12. Bg4 h6 13. Bxe6 Qe7 14. Qh5+ Kd8 15. Rf7 hxg5 16. Qxh8 1-0

[Event "*** Titled Tuesday Blitz"]
[Site "Chess.com"]
[Date "2020.12.29"]
[Round "1"]
[White "tigra"]
[Black "FrenchMonster2002"]
[Result "1-0"]
[WhiteElo "2818"]
[BlackElo "2423"]
[TimeControl "180+1"]
[EndTime "10:05:24 PST"]
[Termination "tigra won by resignation"]

1. e4 g6 2. d4 Bg7 3. Bg5 d6 4. Nc3 a6 5. f4 b5 6. Bd3 Bb7 7.
Nf3 Nd7 8. Qe2 c5 9. e5 Bxf3 10. Qxf3 cxd4 11. Nd5 dxe5 12. Nc7+ Qxc7 13. Qxa8+ Qd8 14.
Qxa6 h6 15. Bh4 exf4 16. Bxb5 g5 17. Bf2 Nf6 18. Bxd4 O-O 19. O-O-O Qc7 20. Bxd7 Nxd7 21. Qa7 Qxa7 22. Bxa7 Ne5 23. Bc5 Rc8 24. Bxe7 Nc4 25. b3 Ne3 26. Rd8+ Rxd8 27. Bxd8 Nxg2 28. a4 Bd4 29. a5 f3 30. Bb6 Be5 31. a6 Bb8 32. a7 Bxa7 33. Bxa7 g4 34. b4 Nf4 35. b5 Nd5 36. b6 Nxb6 37. Bxb6 f5 38. Kd2 Kf7 39. Ke3 1-0

[Event "*** Titled Tuesday Blitz"]
[Site "Chess.com"]
[Date "2020.12.29"]
[Round "1"]
[White "anpospan"]
[Black "hurricane7791"]
[Result "0-1"]
[WhiteElo "2326"]
[BlackElo "2635"]
[TimeControl "180+1"]
[EndTime "10:05:24 PST"]
[Termination "hurricane7791 won by resignation"]

1. d4 Nf6 2. c4 e6 3. Nc3 Bb4 4. a3 Bxc3+ 5. bxc3 d5 6. f3 c5 7. cxd5 exd5 8. e3 Nc6 9. Bd3 Qc7 10. Ne2 Be6 11.
O-O O-O-O 12. Qa4 Na5 13. Bd2 c4 14. Bc2 Rhe8 15. e4 dxe4 16. fxe4 Bd7 17. Qb4 Nxe4 18. Bf4 Qb6 19. Qxb6 axb6 20. Rab1 b5 21. Ng3 Nxc3 22. Rbe1 Nd5 23. Bg5 f6 24. Bc1 Nc6 25. Ne4 Kc7 26. Nc5 Nxd4 27. Bxh7 Bg4 28. Bg6 Rxe1 29. Rxe1 Ne2+ 30.
Kf2 Nxc1 31. Rxc1 b6 32. Ne6+ Bxe6 0-1

[Event "*** Titled Tuesday Blitz"]
[Site "Chess.com"]
[Date "2020.12.29"]
[Round "1"]
[White "AdarshIsMe"]
[Black "ChessyInstinct"]
[Result "1-0"]
[WhiteElo "2191"]
[BlackElo "2509"]
[TimeControl "180+1"]
[EndTime "10:05:24 PST"]
[Termination "AdarshIsMe won on time"]

1. e4 e5 2. Nf3 Nc6 3. Bc4 Bc5 4. b4 Bb6 5. a4 a6 6. Nc3 Nf6 7. d3 d6 8. Bg5 h6 9. Bh4 g5 10. Bg3 Qe7 11. b5 Nd4 12. Nd5 Nxd5 13. Bxd5 Nxf3+ 14. gxf3 Ba5+ 15. Ke2 Qf6 16. Qc1 g4 17. f4 Rb8 18.
Qb2 Bb6 19. fxe5 Qf3+ 20. Kd2 1-0

[Event "*** Titled Tuesday Blitz"]
[Site "Chess.com"]
[Date "2020.12.29"]
[Round "1"]
[White "rynos0411"]
[Black "1g41-0"]
[Result "0-1"]
[WhiteElo "2318"]
[BlackElo "2618"]
[TimeControl "180+1"]
[EndTime "10:05:27 PST"]
[Termination "1g41-0 won by resignation"]

1. e4 e5 2. Nf3 Nc6 3. Bb5 a6 4.
Ba4 Nf6 5. O-O Be7 6. Re1 b5 7. Bb3 O-O 8. c3 d6 9. h3 Bb7 10. d4 exd4 11. cxd4 Nd7 12. Nc3 Bf6 13. Be3 Re8 14.
Rc1 Na5 15. Bc2 Nc4 16. b3 Nxe3 17. Rxe3 Nb6 18. Qd3 g6 19. Rce1 c5 20. Ne2 c4 21.
Qd2 Rc8 22. Ng3 Bg7 23. h4 Bh6 24. Ng5 f6 25. f4 fxg5 26. hxg5 Bxg5 27. fxg5 Qxg5 28.
e5 dxe5 29. dxe5 Rcd8 30. Qe2 Nd5 31. Rf3 Nf4 32. Qe3 Bxf3 33. Qxf3 Rd2 0-1

[Event "*** Titled Tuesday Blitz"]
[Site "Chess.com"]
[Date "2020.12.29"]
[Round "1"]
[White "rpragchess"]
[Black "renehp"]
[Result "1-0"]
[WhiteElo "2838"]
[BlackElo "2438"]
[TimeControl "180+1"]
[EndTime "10:05:28 PST"]
[Termination "rpragchess won by resignation"]

1. Nf3 d5 2. e3 Nf6 3. b3 Bg4 4. Bb2 e6 5. h3 Bh5 6. d3 Nbd7 7. Nbd2 Bd6 8. g4 Bg6 9. Nh4 a5 10. a3 c5 11. a4 Qc7 12. Qe2 Be5 13. c3 Bd6 14. Bg2 Rb8 15. O-O b5 16. axb5 Rxb5 17. c4 Rb8 18. f4 O-O 19. cxd5 Nb6 20. dxe6 fxe6 21. Nxg6 hxg6 22. Rxa5 e5 23. f5 gxf5 24. Rxf5 Nbd5 25. Ra1 Nb4 26. Raf1 e4 27. dxe4 Nd7 28. Nc4 Bh2+ 29. Kh1 Bg3 30. e5 Rxf5 31. Rxf5 1-0

[Event "*** Titled Tuesday Blitz"]
[Site "Chess.com"]
[Date "2020.12.29"]
[Round "1"]
[White "JonahWillow"]
[Black "Smile2005"]
[Result "1-0"]
[WhiteElo "2702"]
[BlackElo "2370"]
[TimeControl "180+1"]
[EndTime "10:05:31 PST"]
[Termination "JonahWillow won by resignation"]

1. e4 d5 2. Nc3 dxe4 3. Nxe4 Nd7 4. d4 Ngf6 5. Nxf6+ Nxf6 6. Nf3 e6 7. Bd3 Be7 8. O-O b6 9. Ne5 Bb7 10. c3 Nd7 11.
Re1 Nxe5 12. Rxe5 Bf6 13. Re1 O-O 14. Qg4 g6 15. Bf4 Bg7 16. Rad1 Re8 17. Qg3 c6 18. Be4 Qd7 19. h4 Rad8 20. Rd2 Qc8 21. Red1 c5 22.
Bxb7 Qxb7 23. dxc5 Rxd2 24. Rxd2 bxc5 25. Be5 Bh6 26.
f4 Qe4 27. h5 Bg7 28. hxg6 hxg6 29. Rd7 Bxe5 30. fxe5 Kg7 31. Qf2 Qb1+ 32. Kh2 Rh8+ 33. Kg3 Qf5 34. Qxf5 gxf5 35. Rxa7 Rb8 36. b3 c4 37. b4 Rb5 38. Ra5 Rd5 39. Rxd5 exd5 40. Kf4 Kf8 41. Ke3 Ke7 42. Kd4 Ke6 43. g3 f6 44.
exf6 Kxf6 45. Kxd5 Kg5 46. b5 Kg4 47. b6 Kxg3 48. b7 f4 49. b8=Q Kg2 50. Qxf4 1-0

[Event "*** Titled Tuesday Blitz"]
[Site "Chess.com"]
[Date "2020.12.29"]
[Round "1"]
[White "ambaixador"]
[Black "K_A_S_T_O_R"]
[Result "0-1"]
[WhiteElo "2435"]
[BlackElo "2833"]
[TimeControl "180+1"]
[EndTime "10:05:32 PST"]
[Termination "K_A_S_T_O_R won by resignation"]

1. e4 c5 2. Nf3 d6 3. d4 cxd4 4. Nxd4 Nf6 5. Nc3 a6 6. Bg5 e6 7.
f4 Nbd7 8. Qf3 Qc7 9. O-O-O b5 10. Bd3 Bb7 11. Rhe1 Qb6 12. Nb3 Rc8 13. Kb1 Rxc3 14.
bxc3 Qc7 15. g4 Be7 16. Bxf6 Bxf6 17. g5 Bxc3 18. f5 Ne5 19. Qe2 Bxe1 20. Rxe1 Qe7 21. Rg1 exf5 22. exf5 Nf3 23. Qxe7+ Kxe7 24. Rg3 f6 25.
gxf6+ Kxf6 26. h3 Re8 27. Kb2 Ne5 28. Nd4 Bc8 29. Re3 Nc4+ 0-1

[Event "*** Titled Tuesday Blitz"]
[Site "Chess.com"]
[Date "2020.12.29"]
[Round "1"]
[White "maciek_92"]
[Black "zmeeed67"]
[Result "1-0"]
[WhiteElo "2768"]
[BlackElo "2407"]
[TimeControl "180+1"]
[EndTime "10:05:32 PST"]
[Termination "maciek_92 won on time"]

1. e4 Nc6 2. Nc3 Nf6 3. f4 d6 4.
Nf3 e5 5. Bc4 exf4 6. d4 Nh5 7.
O-O Be7 8. d5 Nb8 9. Nd4 g6 10.
Be2 Nf6 11. Bxf4 Nbd7 12. Qd2 h5 13. h3 a6 14. a4 O-O 15. Rf2 Nc5 16. Bd3 Nxd3 17.
cxd3 Nh7 18. Raf1 Bg5 19. Nf3 Bxf4 20. Qxf4 Qf6 21. Qe3 Qg7 22. d4 Bd7 23. e5 Rae8 24.
Ne4 Bxa4 25. Nfg5 1-0

[Event "*** Titled Tuesday Blitz"]
[Site "Chess.com"]
[Date "2020.12.29"]
[Round "1"]
[White "scabies1"]
[Black "FloMaster111"]
[Result "1-0"]
[WhiteElo "2323"]
[BlackElo "2584"]
[TimeControl "180+1"]
[EndTime "10:05:32 PST"]
[Termination "scabies1 won by resignation"]

1. e4 d5 2. exd5 Qxd5 3. Nc3 Qa5 4. d4 c6 5. Bc4 Nf6 6. Nf3 Bg4 7. Bd2 Qd8 8. Ne5 Qxd4 9. Bxf7+ Kd8 10. Nxg4 Nxg4 11. Be3 Qxd1+ 12. Rxd1+ Kc7 13. Bf4+ e5 14. Bg3 Nd7 15.
Ne4 Be7 16. Be6 Rad8 17. Bxg4 Bf6 18. Bxd7 Rxd7 19. Rxd7+ Kxd7 20. Nxf6+ gxf6 21. Ke2 Ke6 22. f4 h5 23. fxe5 h4 24. Bf2 fxe5 25. a3 a6 26. g4 hxg3 27. Bxg3 b5 28. h4 Rh5 29. Kf3 Kf5 30. Re1 Kf6 31. Kg4 Rf5 32. Bxe5+ Rxe5 33. Rxe5 Kxe5 34. Kg5 1-0

[Event "*** Titled Tuesday Blitz"]
[Site "Chess.com"]
[Date "2020.12.29"]
[Round "1"]
[White "Abdimalik_Abdisalimov"]
[Black "Salem-AR"]
[Result "0-1"]
[WhiteElo "2466"]
[BlackElo "2928"]
[TimeControl "180+1"]
[EndTime "10:05:35 PST"]
[Termination "Salem-AR won by resignation"]

1. d4 Nf6 2. c4 g6 3. f3 c5 4. d5 d6 5. e4 Bg7 6. Nc3 e6 7.
Nge2 exd5 8. cxd5 O-O 9. Ng3 Nbd7 10. Be2 a6 11. a4 h5 12. Be3 h4 13. Nf1 Nh7 14. Nd2 f5 15. O-O f4 16. Bf2 h3 17.
Nc4 hxg2 18. Kxg2 Ne5 19. Nxe5 Bxe5 20. Rg1 Rf7 21. Kh1 Nf8 22. Bd3 Rh7 23. Qe2 Qf6 24. Be1 Bd7 25. Bd2 Kf7 26. Raf1 g5 27. Rf2 Ng6 28.
Rfg2 Rah8 29. Rxg5 Rxh2+ 30. Qxh2 Rxh2+ 31. Kxh2 Qh8+ 32. Kg2 Qh3+ 33. Kf2 Bd4+ 34. Ke2 Bxg1 35. Rxg1 Qh2+ 36. Kf1 Bh3+ 0-1

[Event "*** Titled Tuesday Blitz"]
[Site "Chess.com"]
[Date "2020.12.29"]
[Round "1"]
[White "googlegoom"]
[Black "gatocorbis"]
[Result "1-0"]
[WhiteElo "2486"]
[BlackElo "2048"]
[TimeControl "180+1"]
[EndTime "10:05:37 PST"]
[Termination "googlegoom won by resignation"]

1. Nf3 Nf6 2. b3 g6 3. Bb2 Bg7 4. e3 O-O 5. Be2 d5 6. d4 Ne4 7. O-O c5 8. Nbd2 Nc6 9. c3 Bg4 10. h3 Nxd2 11. Qxd2 Bxf3 12. Bxf3 cxd4 13. cxd4 e6 14.
Rfc1 Qd7 15. b4 a6 16. Be2 Rfc8 17. a4 Bf8 18. b5 axb5 19. Bxb5 Qd6 20. Ba3 Qd8 21.
Bxf8 Qxf8 22. Bxc6 Rxc6 23. Rxc6 bxc6 24. a5 c5 25.
dxc5 Qxc5 26. a6 Qb6 27. Qa2 Kf8 28. Qa3+ Ke8 29. h4 h5 30. g3 Kd7 31. a7 Kc7 32.
Qe7+ Kc6 33. Qxf7 Kc5 34. Qxg6 Rxa7 35. Rxa7 Qxa7 36. Qxh5 Qa1+ 37. Kg2 Qf6 38. Qf3 Qg6 39. h5 Qg5 40. g4 e5 41. Qf5 Qh4 42. Qg6 e4 43. h6 Qd8 44. Qg7 1-0

[Event "*** Titled Tuesday Blitz"]
[Site "Chess.com"]
[Date "2020.12.29"]
[Round "1"]
[White "guillembaches"]
[Black "SantoBlue"]
[Result "1-0"]
[WhiteElo "2461"]
[BlackElo "2856"]
[TimeControl "180+1"]
[EndTime "10:05:38 PST"]
[Termination "guillembaches won by resignation"]

1. e4 e5 2. Nf3 Nc6 3. Nc3 Nf6 4.
d4 exd4 5. Nxd4 Bb4 6. Nxc6 bxc6 7. Bd3 d6 8. Bg5 Qe7 9. O-O Qe5 10. f4 Qc5+ 11. Kh1 Ng4 12. Qf3 Bxc3 13. bxc3 Bd7 14.
Rae1 h6 15. Bh4 g5 16. Bg3 f6 17. e5 f5 18. e6 Bc8 19. Bxf5 Qxf5 20. Qxc6+ Ke7 21.
Qxc7+ Kf8 22. fxg5 1-0

[Event "*** Titled Tuesday Blitz"]
[Site "Chess.com"]
[Date "2020.12.29"]
[Round "1"]
[White "nitpicker"]
[Black "vlad_Sid"]
[Result "0-1"]
[WhiteElo "2244"]
[BlackElo "2553"]
[TimeControl "180+1"]
[EndTime "10:05:41 PST"]
[Termination "vlad_Sid won by resignation"]

1. d4 Nf6 2. c4 c5 3. d5 b5 4.
cxb5 a6 5. bxa6 g6 6. Nc3 Bg7 7. e4 O-O 8. Nf3 Qa5 9. Bd2 Bxa6 10. Be2 Bxe2 11. Qxe2 Qa6 12. Qxa6 Nxa6 13. O-O e6 14.
dxe6 fxe6 15. h3 d5 16. e5 Nd7 17. Rfe1 Nb4 18. Re2 Nd3 19. Nb5 N3xe5 20. Ng5 Nc4 21.
Nxe6 Bxb2 22. Rb1 Rf7 23. Nbc7 Rxa2 24. Nxd5 Nde5 25. Bc3 Rb7 26. Bxe5 Bxe5 27. Rxb7 Ra1+ 0-1